 Dungeon Crawl Stone Soup version 0.18.1-48-g4cf74bf (webtiles) character file.

260 Skwishie the Gouger (level 5, 24/24 HPs)
             Began as a Felid Monk on Sept 6, 2016.
             Was an Initiate of Ru.
             Quit the game on level 4 of the Dungeon.
             The game lasted 00:18:27 (7432 turns).

Skwishie the Gouger (Felid Monk)                    Turns: 7432, Time: 00:18:28

Health: 24/24      AC:  2    Str:  7    XL:     5   Next: 95%
Magic:  6/6        EV: 20    Int: 11    God:    Ru [......]
Gold:   135        SH:  0    Dex: 21    Spells: 0 memorised, 4 levels left
                                        Lives:  0   Deaths: 1

rFire  . . .     SeeInvis +       - Unarmed
rCold  . . .     Gourm    .     (armour unavailable)
rNeg   . . .     Faith    .     (shield unavailable)
rPois  .         Spirit   .     (helmet unavailable)
rElec  .         Dismiss  .     (cloak unavailable)
rCorr  .         Reflect  .     (gloves unavailable)
SustAt .         Harm     .     (boots unavailable)
MR     .....                    (no amulet)
Stlth  +++.......               (no ring)
                                (no ring)

@: quick, not resistant to hostile enchantments, fairly stealthy
A: no armour, no weapons or thrown items, claws 1, fangs 3, see invisible,
carnivore 3, speed 1, shaggy fur 2, slow metabolism 1, sharp paws
a: Renounce Religion


You were on level 4 of the Dungeon.
You worshipped Ru.
Ru was noncommittal.
You were not hungry.

You visited 1 branch of the dungeon, and saw 4 of its levels.

You collected 135 gold pieces.

Inventory:

Wands
 c - a wand of polymorph (8/24)
Scrolls
 b - a scroll of recharging
 g - 2 scrolls of teleportation
 k - 2 scrolls of magic mapping
 m - 2 scrolls of remove curse
Potions
 e - a potion of heal wounds {unknown}
 f - 3 potions of might
 h - a potion of experience {unknown}
 i - a potion of ambrosia {unknown}
 j - 2 potions of brilliance
 l - a potion of haste {unknown}
 n - 2 potions of degeneration {unknown}
 o - 2 potions of cure mutation {unknown}
 q - a potion of mutation {unknown}
 s - a potion of invisibility {unknown}
Comestibles
 a - 4 meat rations
 d - a royal jelly
 p - a beef jerky


   Skills:
 - Level 3.0 Fighting
 - Level 4.0 Dodging
 - Level 2.6 Stealth
 + Level 8.4 Unarmed Combat


You had 4 spell levels left.
You didn't know any spells.

Dungeon Overview and Level Annotations

Branches:
Dungeon (4/15)
 Temple: D:4-7

Altars:
Kikubaaqudgha
Nemelex Xobeh
Pakellas
Ru
Yredelemnul

Annotations:
D:4 Elystan's ghost, novice FoFi


Innate Abilities, Weirdness & Mutations

You cannot wear armour.
You are incapable of wielding weapons or throwing items.
You have sharp claws.
You have razor-sharp teeth.
You have supernaturally acute eyesight.
You are carnivorous and can eat meat at any time.
You cover ground quickly.
You are covered in thick fur (AC +2).
You have a slow metabolism.
Your sharp claws are effective at attacking unaware monsters.


Message History

You closely miss Elystan's ghost.
Elystan's ghost is lightly damaged.
Elystan's ghost hits you!
You feel drained.
You scratch Elystan's ghost but do no damage.
Elystan's ghost is lightly damaged.
Elystan's ghost completely misses you.
You scratch Elystan's ghost.
Elystan's ghost is lightly damaged.
Elystan's ghost hits you!
* * * LOW HITPOINT WARNING * * *
You feel drained.
* * * LOW HITPOINT WARNING * * *
There is a stone staircase leading up here.
Elystan's ghost hits you.
* * * LOW HITPOINT WARNING * * *
You feel drained.
You stop ascending the stairs.
You die...
You are now level 5!
You rejoin the land of the living...
Are you sure you want to abandon this character and quit the game? (Confirm with "yes".)

#...........#
#...........#
#########...........#
#.......'...........#
#.#######...........#
#.#.....#...........#
#.#...#.#...........#
#.#####.#..#.#..#####
#.#.@...#..#.#..# ##
#.#.########.#..# .#
#.#.#........#..# .#
#.#.#.########..# .#
#.#.#.# #).# .# #.#.#.#
#..# .# ####.#.#.###
#..# .# #.|........#
#..# .#
#.(.......(######..#####


There were no monsters in sight!

Vanquished Creatures
  An ogre (D:4)
  2 giant frog skeletons (D:4)
  A hound (D:4)
  An iguana (D:4)
  Ijyb (D:3)
  A worker ant (D:4)
  Robin (D:3)
  4 gnolls (D:4)
  7 adders
  An ooze (D:3)
  An adder skeleton (D:4)
  2 worms
  A dart slug (D:2)
  2 giant geckos (D:2)
  6 orcs (D:3)
  A ball python (D:1)
  9 bats
  4 giant cockroaches
  11 hobgoblins
  21 jackals
  2 quokkas (D:2)
  8 giant newts
  18 goblins
  12 kobolds
  6 rats
124 creatures vanquished.

Notes
Turn   | Place    | Note
--------------------------------------------------------------
     0 | D:1      | Skwishie the Felid Monk began the quest for the Orb.
     0 | D:1      | Reached XP level 1. HP: 10/10 MP: 2/2
   227 | D:1      | Reached XP level 2. HP: 14/14 MP: 3/3
   724 | D:2      | Reached skill level 5 in Unarmed Combat
   764 | D:2      | Reached XP level 3. HP: 16/17 MP: 4/4
   962 | D:2      | Found a sacrificial altar of Ru.
   970 | D:2      | Became a worshipper of Ru the Awakened
  2028 | D:2      | Reached XP level 4. HP: 6/21 MP: 5/5
  2785 | D:2      | Reached skill level 6 in Unarmed Combat
  2792 | D:3      | Noticed Robin
  2805 | D:3      | Killed Robin
  3408 | D:3      | Found an ancient bone altar of Kikubaaqudgha.
  3432 | D:3      | Reached XP level 5. HP: 9/24 MP: 6/6
  3722 | D:3      | Found an oddly glowing altar of Pakellas.
  4424 | D:3      | Noticed Ijyb
  4439 | D:3      | Killed Ijyb
  4890 | D:4      | Reached skill level 7 in Unarmed Combat
  4919 | D:4      | Found a sparkling altar of Nemelex Xobeh.
  4954 | D:4      | Noticed Elystan's ghost (novice FoFi)
  4958 | D:4      | Noticed an ogre
  5250 | D:4      | Found a basalt altar of Yredelemnul.
  5433 | D:4      | Gained mutation: You are covered in thick fur (AC +2). [Felid growth]
  5433 | D:4      | Reached XP level 6. HP: 24/28 MP: 7/7
  7096 | D:4      | Reached skill level 8 in Unarmed Combat
  7431 | D:4      | Slain by Elystan's ghost
  7432 | D:4      | Reached XP level 5. HP: 0/24 MP: 6/6
  7432 | D:4      | Quit the game

Skill      XL: |  1  2  3  4  5  6 |
---------------+-------------------+-----
Unarmed Combat | 5 6 7 8 |  8.4
Fighting       | |  3.0
Dodging        | |  4.0
Stealth        | |  2.6

Action                   |  1- 3 |  4- 6 || total
-------------------------+-------+-------++-------
Melee: Unarmed           |   122 |   234 ||   356
       Bite              |     9 |    21 ||    30
       Punch             |     2 |     5 ||     7
Invok: Reject Sacrifices |     1 |     1 ||     2
  Use: Scroll            |       |    12 ||    12
       Potion            |       |     2 ||     2
 Stab: Sleeping          |    11 |     8 ||    19
  Eat: Chunk             |     9 |    10 ||    19
Armor: Skin              |     5 |     8 ||    13
Dodge: Dodged            |   112 |   191 ||   303
